 Dungeon Crawl Stone Soup version 0.28-a0-1080-g05a166d0ed (webtiles) character file.

Game seed: 15502160985529604738

63 yoda5477 the Chopper (level 3, -2/29 HPs)
             Began as a Demonspawn Fighter on Dec 9, 2021.
             Killed from afar by a white imp (3 damage)
             ... with a puff of frost
             ... summoned by Natasha
             ... on level 3 of the Dungeon.
             The game lasted 00:04:08 (1828 turns).

yoda5477 the Chopper (Demonspawn Fighter)           Turns: 1828, Time: 00:04:09

Health: -2/29      AC:  6    Str: 18    XL:     3   Next: 87%
Magic:  3/3        EV:  9    Int:  9    God:
Gold:   97         SH:  4    Dex: 12    Spells: 2/2 levels left

rFire   . . .      SeeInvis .   a - +0 war axe
rCold   . . .      Faith    .   c - +0 buckler
rNeg    . . .      Spirit   .   b - +0 scale mail
rPois   .          Reflect  .   (no helmet)
rElec   .          Harm     .   (no cloak)
rCorr   .          Rampage  .   (no gloves)
Will    .....                   (no boots)
Stlth   ..........              (no amulet)
HPRegen 0.09/turn               (no ring)
MPRegen 0.08/turn               (no ring)

@: mighty, slowed, very slow
A: powered by pain 1
a: no special abilities


You were on level 3 of the Dungeon.
You visited 1 branch of the dungeon, and saw 4 of its levels.

You collected 97 gold pieces.

Inventory:

Hand Weapons
 a - a +0 war axe (weapon)
Missiles
 l - 47 stones (quivered)
 o - 16 sling bullets
Armour
 b - a +0 scale mail (worn)
 c - a +0 buckler (worn)
Jewellery
 q - a ring of fire
Scrolls
 i - a scroll of acquirement {unknown}
 j - 3 scrolls of teleportation {unknown}
 k - a scroll of summoning {unknown}
 m - a scroll of vulnerability {unknown}
 n - a scroll of fear {unknown}
 p - a scroll of identify {unknown}
Potions
 d - a potion of might
 e - a potion of brilliance {unknown}
 f - 2 potions of resistance {unknown}
 g - a potion of magic {unknown}
 h - a potion of curing {unknown}


   Skills:
 - Level 3.0 Fighting
 * Level 3.5 Axes
 - Level 2.6 Armour
 + Level 3.1 Shields


You had 2 spell levels left.
You didn't know any spells.
Your spell library was empty.

Dungeon Overview and Level Annotations

Branches:
Dungeon (4/15)
 Temple: D:4-7

Altars:

Annotations:
D:3 Natasha


Innate Abilities, Weirdness & Mutations

You sometimes gain a little power by taking damage.


Message History

Found 11 gold pieces, 11 stones and 2 scrolls labelled MEOPTO DEROA.
There is a stone staircase leading up here.
You climb upwards.
There is a stone staircase leading down here.
Found a robe.
Natasha, Servant of Life and Death comes into view.
Natasha hisses angrily.
Natasha stares at you and mumbles some strange words.
You feel yourself slow down.
A rat comes into view.
Natasha casts a spell.
You barely miss the rat.
Natasha casts a spell.
The rat bites you but does no damage. The rat barely misses you.
You slash the rat!
You kill the rat!
You completely miss Natasha. Natasha claws you. x2
The white imp hits you but does no damage.
You barely miss Natasha. You hit the white imp. You block Natasha's attack.
The white imp hits you but does no damage.
Natasha claws you. The white imp barely misses you.
You hit Natasha.
Natasha is moderately wounded.
You hit the white imp. You block Natasha's attack.
The white imp gestures at you. The puff of frost hits you!
* * * LOW HITPOINT WARNING * * *
You focus on the pain.
You feel very mighty all of a sudden. Natasha claws you.
* * * LOW HITPOINT WARNING * * *
The white imp hits you but does no damage.
Press: ? - help, v - describe, . - travel A rock wall.
Natasha casts a spell at you. The magic dart hits you.
* * * LOW HITPOINT WARNING * * *
The white imp gestures at you. The puff of frost hits you.
You die...

.# ## #.# #. ..##
#.#... #####....
.....5. #.h5# #
#.#.# .# #.##..@##.#
#.........##### #+#
#####..[......# #.#
#..######.####.####
#..######.##.......
##...>......#.......
#.#.....##..#.....#.
##..###.##..#....##.
##.........#.#.###.


You could see Natasha and 2 white imps.

Vanquished Creatures
  A dart slug (D:1)
  An orc (D:3)
  3 bats
  5 endoplasms
  3 giant cockroaches (D:1)
  5 goblins
  5 hobgoblins
  7 jackals (D:1)
  2 quokkas (D:1)
  3 ball pythons (D:1)
  A frilled lizard (D:2)
  8 kobolds
  3 rats
47 creatures vanquished.

Notes
Turn   | Place    | Note
-------+----------+-------------------------------------------
     0 | D:1      | yoda5477 the Demonspawn Fighter began the quest for the
                  | Orb.
     0 | D:1      | Reached XP level 1. HP: 18/18 MP: 1/1
   198 | D:1      | Found a faded altar of an unknown god.
   255 | D:1      | Gained mutation: You sometimes gain a little power by
                  | taking damage. [demonic ancestry]
   255 | D:1      | Reached XP level 2. HP: 24/24 MP: 2/2
   608 | D:1      | Reached XP level 3. HP: 10/29 MP: 3/3
  1821 | D:3      | Noticed Natasha
  1828 | D:3      | HP: 1/29 [Natasha/magic dart (2)]
  1828 | D:3      | Killed from afar by a white imp

Illustrated notes

Levels and vault maps discovered:
D:1:      scummos_arrival_forest, layout_basic, basic_ecumenical_altar,
          minmay_octomino_c4
D:2:      layout_basic
D:3:      layout_loops_corners, gammafunk_ghost_nasty_kobolds, uniq_jessica,
          uniq_natasha, uniq_grinder
D:4:      layout_loops_ring, trog_hazing_becter, serial_shops, shop,
          shop_fountains, shop

Skill      XL: |  1  2  3 |
---------------+----------+-----
Axes           | 2 3 |  3.5
Shields        | 3 |  3.1
Fighting       | |  3.0
Armour         | |  2.6

Action                   || total
-------------------------++-------
Melee: War axe           ||   143
Armor: Scale mail        ||    87
Dodge: Dodged            ||    61
Block: Buckler           ||    41

Table legend: (Time is in decaauts)
 A = Elapsed time spent in this place.
 B = Non-inter-level travel time spent in this place.
 C = Inter-level travel time spent in this place.
 D = Time resting spent in this place.
 E = Time spent auto-exploring this place.
 F = Levels seen in this place.
 G = Mean time per level.
                   A        B        C        D        E       F      G
               +--------+--------+--------+--------+--------+-----+--------+
         Total |   1889 |   1889 |      0 |    273 |   1209 |   4 |  472.2 |
       Dungeon |   1889 |   1889 |      0 |    273 |   1209 |   4 |  472.2 |
               +--------+--------+--------+--------+--------+-----+--------+

Top non-repeatable levels by time:
     D:1: 1320 daAuts
     D:2: 365 daAuts
     D:3: 202 daAuts
     D:4: 1 daAuts
